AoeStats
← gazza17

Baltic

513270987Analyzed
4v4 RM · 4d ago on Oct 12, 2026· 57m 1s· 8 players
Game mode
Random Map
Map size
Large (8 player)
Population
200
Speed
Normal
Resources
Standard
Victory
Conquest
Starting age
Dark Age
Ending age
Imperial Age
RankedLock teamsTeams togetherTeam positionsShared explorationLock speedFull tech treeHidden civsTurbo modeCheats
Victory
Defeat
🇬🇧 Varangians · United Kingdom
945
+14
🇪🇸 Franks · Spain
913
+15
🇨🇱 Teutons · Chile
870
+17
🇲🇽 Vietnamese · Mexico
830
+18
vs
🇬🇧 Ethiopians · United Kingdom
930
-17
🇲🇽 Spanish · Mexico
888
-16
🇨🇳 Hindustanis · China
885
-16
🇩🇪 Vikings · Germany
856
-15
Iceman
0:37 Loom
10:57 Feudal Age
CookMan
10:53 Feudal Age
LiMe86
11:41 Loom
14:35 Feudal Age
14:59 Horse Collar
15:05 Double-Bit Axe
17:43 Fishing Lines
20:40 Castle Age
21:28 Gold Mining
22:46 Gold Shaft Mining
23:21 Wheelbarrow
23:01 Bow Saw
23:23 Ballistics
23:36 Fletching
23:47 Padded Archer Armor
25:02 Gillnets
29:05 Imperial Age
30:56 Chemistry
31:28 Hand Cart
30:53 Elite Skirmisher
33:02 Town Watch
36:17 Fortified Wall
35:32 Heavy Scorpion
46:40 Forging
46:30 Scale Mail Armor
46:35 Scale Barding Armor
46:34 Bodkin Arrow
46:54 Leather Archer Armor
48:27 Stone Mining
50:58 Conscription
50:45 Torsion Engines
fjk
12:10 Feudal Age
13:47 Wheelbarrow
12:58 Fishing Lines
13:13 Double-Bit Axe
13:21 Horse Collar
14:16 Gold Mining
18:25 Castle Age
17:35 Stone Mining
19:28 Hand Cart
20:01 Bow Saw
20:34 Stone Shaft Mining
21:23 Heavy Plow
23:29 Gold Shaft Mining
28:06 Grand Trunk Road
29:11 Scale Barding Armor
29:17 Forging
31:43 Imperial Age
29:01 Town Watch
30:27 Chain Barding Armor
31:40 Husbandry
31:51 Bloodlines
31:24 Elite Skirmisher
32:10 Thumb Ring
32:46 Iron Casting
33:04 Conscription
33:24 Plate Barding Armor
32:46 Heavy Camel Rider
34:36 Blast Furnace
34:15 Hoardings
34:55 Two-Man Saw
35:31 Squires
34:51 Pikeman
35:59 Masonry
36:11 Ballistics
35:33 Imperial Camel Rider
36:07 Fletching
36:18 Padded Archer Armor
38:11 Chemistry
37:10 Loom
37:56 Bodkin Arrow
39:47 Light Cavalry
40:53 Leather Archer Armor
41:43 Hussar
42:38 Bracer
43:09 Ring Archer Armor
42:46 Siege Engineers
42:38 Murder Holes
45:21 Shatagni
45:23 Scale Mail Armor
45:11 Arson
48:07 Town Patrol
47:52 Elite Ghulam
49:08 Chain Mail Armor
ViejoSabr0s0777
12:19 Feudal Age
15:50 Loom
15:58 Stone Mining
15:59 Gold Mining
16:11 Gold Mining
19:03 Castle Age
18:16 Padded Archer Armor
20:25 Wheelbarrow
19:42 Double-Bit Axe
24:29 Hand Cart
24:20 Fletching
29:33 Stone Shaft Mining
29:16 Horse Collar
31:21 Leather Archer Armor
36:36 Imperial Age
38:07 Imperial Age
36:37 Bodkin Arrow
39:12 Elite Rattan Archer
39:20 Elite Rattan Archer
40:24 Paper Money
40:06 Chatras
41:49 Elite Battle Elephant
50:07 Scale Barding Armor
50:20 Bow Saw
51:39 Forging
52:00 Ring Archer Armor
53:52 Heavy Plow
56:55 Chain Barding Armor
57:11 Iron Casting
56:37 Bracer
58:00 Ballistics
gazza17
11:43 Feudal Age
13:04 Loom
15:49 Castle Age
13:45 Double-Bit Axe
14:26 Stone Mining
14:23 Fishing Lines
16:58 Bow Saw
18:08 Fletching
18:52 Gold Mining
25:15 Gillnets
26:30 Horse Collar
27:28 Heavy Plow
30:42 Imperial Age
29:04 Wheelbarrow
29:00 Ballistics
29:39 Scale Barding Armor
30:46 Scale Mail Armor
31:00 Forging
32:19 Iron Casting
32:05 Chain Barding Armor
32:14 Elite Jarl
34:07 Blast Furnace
34:11 Hand Cart
36:22 Plate Barding Armor
36:20 Conscription
37:49 Bloodlines
37:39 Husbandry
37:38 Elite Varangian Guard
38:23 Scale Mail Armor
39:49 Chain Mail Armor
40:59 Vendel Legacy
41:03 Cavalier
48:02 Chemistry
48:48 Plate Mail Armor
48:16 Bodkin Arrow
49:49 Arson
50:05 Squires
49:48 Gothikon
50:42 Heated Shot
51:57 Crop Rotation
Guty
0:27 Loom
11:13 Feudal Age
12:47 Wheelbarrow
12:00 Double-Bit Axe
17:52 Castle Age
16:31 Stone Mining
16:52 Gold Mining
18:56 Hand Cart
19:03 Bow Saw
28:35 Imperial Age
25:54 Town Watch
29:47 Scale Barding Armor
29:53 Forging
30:47 Chemistry
30:10 Ballistics
32:46 Cavalier
33:30 Husbandry
34:00 Chain Barding Armor
34:20 Gold Shaft Mining
34:59 Iron Casting
35:00 Pikeman
35:40 Squires
35:26 Arson
35:55 Siege Engineers
36:02 Masonry
36:01 Scale Mail Armor
37:02 Blast Furnace
36:07 Town Patrol
36:02 Halberdier
36:28 Gambesons
36:08 Paladin
37:52 Conscription
38:10 Hoardings
38:02 Chain Mail Armor
38:44 Plate Barding Armor
38:54 Elite Throwing Axeman
39:37 Chivalry
40:00 Caravan
42:55 Plate Mail Armor
42:26 Padded Archer Armor
42:16 Fletching
42:09 Treadmill Crane
43:00 Architecture
Gelblich
11:44 Feudal Age
16:05 Castle Age
14:28 Double-Bit Axe
21:02 Horse Collar
21:56 Bow Saw
24:25 Loom
25:16 Wheelbarrow
24:37 Gold Mining
24:38 Stone Mining
26:27 Heavy Plow
27:27 Hand Cart
27:29 Pikeman
28:09 Squires
27:55 Arson
28:02 Fishing Lines
28:50 Forging
28:40 Scale Mail Armor
28:45 Scale Barding Armor
29:30 Redemption
29:32 Fervor
29:42 Sanctity
33:48 Imperial Age
32:24 Atonement
32:56 Town Watch
33:29 Bloodlines
33:46 Ironclad
35:45 Block Printing
35:58 Illumination
35:36 Devotion
36:13 Theocracy
36:05 Elite Skirmisher
36:08 Heavy Mounted Crossbowman
36:08 Crossbowman
36:11 Halberdier
37:32 Town Patrol
38:08 Iron Casting
37:48 Chain Mail Armor
37:40 Scale Barding Armor
37:35 Padded Archer Armor
37:26 Fletching
37:50 Masonry
37:32 Heated Shot
38:02 Ballistics
38:43 Chemistry
37:28 Arrowslits
37:34 Guard Tower
37:54 Fortified Wall
37:50 Siege Engineers
37:57 Clinker Construction
37:29 Man-at-Arms
37:55 Gambesons
38:30 Careening
38:16 Gillnets
37:51 Demolition Ship
38:42 Medium Warships
42:41 Blast Furnace
42:12 Plate Mail Armor
42:02 Chain Barding Armor
41:38 Bodkin Arrow
41:58 Leather Archer Armor
41:53 Caravan
42:24 Coinage
42:05 Guilds
42:05 Long Swordsman
42:10 Cavalier
43:32 Stone Shaft Mining
44:36 Two-Man Saw
43:16 Elite Teutonic Knight
44:17 Conscription
44:18 Crenellations
44:34 Hoardings
43:29 Sappers
44:09 Capped Ram
46:16 Plate Barding Armor
46:06 Bombard Tower
46:23 Keep
45:54 Siphons
46:09 Carvel Hull
46:23 Crop Rotation
46:46 Heavy Warships
45:43 Heavy Demolition Ship
48:24 Banking
49:56 Paladin
51:10 Ring Archer Armor
50:05 Imperial Skirmisher
52:58 Two-Handed Swordsman
54:14 Faith
Connection lost

Rejoining the realm…

Still unreachable

The connection could not be restored.

Session expired

The server has moved on; the page needs a fresh start.